 Dungeon Crawl Stone Soup version 0.29-a0-284-gf9362112df (webtiles) character file.

Game seed: 9059051554533670622

87 sokol815 the Chopper (level 4, -7/35 HPs)
             Began as a Demonspawn Monk on Mar 23, 2022.
             Was a Priest of Sif Muna.
             Mangled by an iguana (9 damage)
             ... on level 3 of the Dungeon.
             The game lasted 00:04:22 (2153 turns).

sokol815 the Chopper (Demonspawn Monk)              Turns: 2153, Time: 00:04:22

Health: -7/35      AC:  8    Str: 13    XL:     4   Next: 28%
Magic:  4/4        EV:  6    Int: 12    God:    Sif Muna [***...]
Gold:   159        SH:  0    Dex: 15    Spells: 3/3 levels left

rFire   + . .      SeeInvis .     - Unarmed
rCold   . . .      Faith    .   (no shield)
rNeg    . . .      Spirit   .   l - +0 chain mail
rPois   .          Reflect  .   (no helmet)
rElec   .          Harm     .   (no cloak)
rCorr   +          Rampage  .   (no gloves)
Will    .....                   (no boots)
Stlth   ..........              (no amulet)
HPRegen 0.11/turn               X - ring of resist corrosion
MPRegen 0.09/turn               F - ring of protection from fire {rF+, !d}

@: no status effects
A: claws 1, hooves 1, powered by death 1
a: Renounce Religion, Channel Magic, Forget Spell


You were on level 3 of the Dungeon.
You worshipped Sif Muna.
Sif Muna was most pleased with you.
You visited 1 branch of the dungeon, and saw 3 of its levels.

You collected 159 gold pieces.

Inventory:

Hand Weapons
 a - a +0 hand axe
 d - a +0 club
   (You took it off a goblin on level 1 of the Dungeon)
 e - a +0 dagger
   (You found it on level 1 of the Dungeon)
 f - a +0 club
   (You took it off a kobold on level 1 of the Dungeon)
 g - a +0 mace
   (You found it on level 1 of the Dungeon)
 i - a +0 spear
   (You found it on level 3 of the Dungeon)
 j - a +0 dagger
   (You found it on level 3 of the Dungeon)
 m - a +0 club
   (You took it off a gnoll on level 1 of the Dungeon)
 n - a +0 club
   (You took it off a goblin on level 2 of the Dungeon)
 q - a +0 whip
   (You took it off a kobold on level 2 of the Dungeon)
 t - a +0 hand axe
   (You found it on level 2 of the Dungeon)
 w - a +0 hunting sling
   (You found it on level 2 of the Dungeon)
 x - a +0 dagger
   (You took it off a goblin on level 2 of the Dungeon)
 y - a +0 dire flail
   (You found it on level 2 of the Dungeon)
 z - a +0 short sword
   (You found it on level 2 of the Dungeon)
Missiles
 p - 8 poisoned darts
 s - 65 stones
Armour
 b - a +0 robe
 k - a +0 pair of gloves
   (You found it on level 1 of the Dungeon)
 l - a +0 chain mail (worn)
   (You found it on level 1 of the Dungeon)
 o - a +0 pair of boots
   (You found it on level 3 of the Dungeon)
Jewellery
 u - an amulet of magic regeneration
   (You found it on level 2 of the Dungeon)
 A - a ring of protection from fire {rF+, !d}
   (You found it on level 2 of the Dungeon)
 F - a ring of protection from fire (right claw) {rF+, !d}
   (You found it on level 1 of the Dungeon)
 V - a ring of see invisible {sInv, !d}
   (You found it on level 2 of the Dungeon)
 X - a ring of resist corrosion (left claw)
   (You found it on level 1 of the Dungeon)
Scrolls
 c - a scroll of enchant weapon
 h - a scroll of teleportation {unknown}
 K - a scroll of immolation {!r}
Potions
 G - a potion of ambrosia {!q}
 N - 2 potions of heal wounds {@q2}


   Skills:
 - Level 3.0 Fighting
 - Level 3.2 Axes
 - Level 2.6 Dodging
 - Level 1.7 Stealth
 + Level 3.1 Unarmed Combat


You had 3 spell levels left.
You didn't know any spells.
Your spell library contained the following spells:

 Spells                   Type           Power      Damage    Failure   Level
 Animate Skeleton         Necr           0%         N/A       100%        1
 Magic Dart               Conj           0%         1d3       100%        1
 Shock                    Conj/Air       0%         1d3       100%        1
 Conjure Flame            Conj/Fire      0%         6-21      100%        3
 Ignite Poison            Fire/Tmut/Pois 0%         N/A       100%        3
 Swiftness                Air            0%         N/A       100%        3
 Airstrike                Air            0%         N/A       100%        4
 Sticky Flame             Conj/Fire      0%         2d3       100%        4
 Borgnjor's Revivificati  Necr           0%         N/A       100%        8
 Necromutation            Tmut/Necr      0%         N/A       100%        8


Dungeon Overview and Level Annotations

Branches:
Dungeon (3/15)

Altars:
Fedhas
Sif Muna


Innate Abilities, Weirdness & Mutations

You have sharp fingernails.
You have large cloven feet.
You regenerate a little health from kills.


Message History

Sif Muna accepts your kill.
You can now freely open your mind to new spells.
Your Unarmed Combat skill increases to level 3!
The orc hits you but does no damage.
Things that are here:
a +0 falchion; a +0 leather armour You hit the orc.
The orc hits you but does no damage.
You hit the orc but do no damage. Your kick misses the orc.
The orc hits you but does no damage.
You hit the orc. The orc hits you with a +0 mace.
You take 2 damage, and have 24/35 hp.
You barely miss the orc. Your kick misses the orc.
The orc hits you but does no damage.
You closely miss the orc. The orc hits you with a +0 mace.
You take 2 damage, and have 22/35 hp.
You completely miss the orc. Your kick misses the orc.
The orc hits you but does no damage.
You hit the orc. The orc hits you but does no damage.
You closely miss the orc. You kick the orc.
You kill the orc!
Sif Muna accepts your kill.
You barely miss the kobold. You kick the kobold, but do no damage.
The kobold barely misses you.
You hit the kobold.
You kill the kobold!
Sif Muna accepts your kill.
You regained 2 hp, and now have 27/35 hp.
You hit the hobgoblin but do no damage. The hobgoblin barely misses you.
You regained 2 hp, and now have 29/35 hp.
You hit the hobgoblin. You kick the hobgoblin. The hobgoblin barely misses you.
You regained 2 hp, and now have 31/35 hp.
You hit the hobgoblin.
You kill the hobgoblin!
Sif Muna accepts your kill.
You regained 3 hp, and now have 34/35 hp.
No target in view!
No target in view!
You start removing your armour.
You continue taking off your +0 pair of gloves. x4
You finish taking off your +0 pair of gloves.
Health restored: 35
Items here: )) [ ††.
Okay, then.
Found a blossoming altar of Fedhas.
You see here a scroll of immolation {!r}.
K - a scroll of immolation {!r}
o - a +0 pair of boots You start putting on your armour.
You continue putting on your +0 pair of boots. x4
You finish putting on your +0 pair of boots.
A dart slug comes into view.
The dart slug moves out of view.
You start removing your armour.
You continue taking off your +0 pair of boots. x4
You finish taking off your +0 pair of boots.
You scratch the dart slug.
You kick the dart slug, but do no damage.
The dart slug launches a dart at you.
The slug dart hits you but does no damage.
You scratch the dart slug.
You kill the dart slug!
Sif Muna accepts your kill.
No target in view!
No target in view!
You see here a dart slug corpse.
s - 65 stones (gained 16)
Found a stone staircase leading up.
r - a scroll of identify {@r1}
As you read the scroll of identify {@r1}, it crumbles to dust.
c - a scroll of enchant weapon You see here a dart slug corpse.
Found a stone staircase leading down.
An iguana comes into view.
The iguana hisses angrily.
You hear a shout!
The iguana bites you.
You take 3 damage, and have 32/35 hp.
You scratch the iguana. Your kick misses the iguana. The iguana bites you!
An orc comes into view. It is wielding a +0 short sword.
You take 7 damage, and have 25/35 hp.
You scratch the iguana but do no damage.
The iguana barely misses you.
A rat comes into view.
You closely miss the iguana. Your kick misses the iguana. The iguana bites you.
You take 6 damage, and have 19/35 hp.
You are too injured to fight recklessly!
You are too injured to fight recklessly!
You are too injured to fight recklessly!
Unknown command.
You scratch the iguana. The iguana bites you!
You take 7 damage, and have 13/35 hp.
You closely miss the iguana. You kick the iguana, but do no damage.
The iguana bites you.
* * * LOW HITPOINT WARNING * * *
You take 6 damage, and have 7/35 hp.
You barely miss the iguana. You kick the iguana. The iguana bites you.
* * * LOW HITPOINT WARNING * * *
You take 5 damage, and have 2/35 hp.
Unknown command.
You closely miss the iguana. The iguana bites you!
You die...

###....# #......# .
####.P..).# ..
#....._...#### ...
#.##.P.P...... ....
.######.............
.........................
......######.######....).
..>...ol@................
......r##.########.######
######. #.# #.#### #. ..#
#....# ###### #####†#
###.....# #.....###
##.....# ####......#


You could see an iguana, an orc and a rat.

Vanquished Creatures
  A gnoll (D:1)
  3 adders
  3 dart slugs
  2 orcs (D:3)
  3 ball pythons
  4 endoplasms
  A giant cockroach (D:1)
  4 goblins
  6 hobgoblins
  2 jackals (D:1)
  A quokka (D:1)
  3 bats
  2 frilled lizards (D:2)
  3 kobolds
  2 rats
40 creatures vanquished.

Vanquished Creatures (others)
  A plant (D:3)
1 creature vanquished.

Grand Total: 41 creatures vanquished

Notes
Turn   | Place    | Note
-------+----------+-------------------------------------------
     0 | D:1      | sokol815 the Demonspawn Monk began the quest for the Orb.
     0 | D:1      | Reached XP level 1. HP: 18/18 MP: 1/1
   139 | D:1      | Reached skill level 3 in Axes
   378 | D:1      | Discovered your monstrous ancestry.
   378 | D:1      | Gained mutation: You have large cloven feet. [demonic
                  | ancestry]
   378 | D:1      | Reached XP level 2. HP: 24/24 MP: 2/2
   384 | D:1      | Got the Disquisition on Destructive Evil
   728 | D:1      | Reached skill level 1 in Unarmed Combat
   946 | D:1      | Gained mutation: You have sharp fingernails. [demonic
                  | ancestry]
   946 | D:1      | Reached XP level 3. HP: 26/29 MP: 3/3
  1213 | D:2      | Reached skill level 2 in Unarmed Combat
  1792 | D:2      | Found a faded altar of an unknown god.
  1806 | D:2      | Prayed at the altar of an unknown god.
  1806 | D:2      | Became a worshipper of Sif Muna the Loreminder
  1806 | D:2      | Reached * piety under Sif Muna
  1806 | D:2      | Reached ** piety under Sif Muna
  2017 | D:3      | Gained mutation: You regenerate a little health from kills.
                  | [demonic ancestry]
  2017 | D:3      | Reached XP level 4. HP: 35/35 MP: 4/4
  2026 | D:3      | Reached *** piety under Sif Muna
  2027 | D:3      | Reached skill level 3 in Unarmed Combat
  2048 | D:3      | Found a blossoming altar of Fedhas.
  2151 | D:3      | HP: 7/35 [iguana (6)]
  2152 | D:3      | HP: 2/35 [iguana (5)]
  2153 | D:3      | Mangled by an iguana

Illustrated notes

Levels and vault maps discovered:
D:1:      psy_arrival_fountain, layout_loops_cross, amcnicky_mini_pool_small,
          minmay_3d_cube
D:2:      layout_loops_cross, dreamdust_ecumenical_altar_angels_and_demons,
          minmay_tree_intersection, serial_bayou_pond_a
D:3:      layout_basic, fedhas_altar_1

Skill      XL: |  1  2  3  4 |
---------------+-------------+-----
Axes           | 3 |  3.2
Unarmed Combat | 1 2 3 |  3.1
Fighting       | |  3.0
Dodging        | |  2.6
Stealth        | |  1.7

Action                   |  1- 3 |  4- 6 || total
-------------------------+-------+-------++-------
Melee: Hand axe          |    20 |       ||    20
       Punch             |     5 |       ||     5
       Unarmed           |    87 |    31 ||   118
       Kick              |    26 |    10 ||    36
Throw: Stone             |     6 |       ||     6
  Use: Scroll            |     5 |     1 ||     6
 Stab: Sleeping          |     5 |       ||     5
Armor: Robe              |     6 |       ||     6
       Chain mail        |    39 |    10 ||    49
Dodge: Dodged            |    41 |     5 ||    46

Table legend: (Time is in decaauts)
 A = Elapsed time spent in this place.
 B = Non-inter-level travel time spent in this place.
 C = Inter-level travel time spent in this place.
 D = Time resting spent in this place.
 E = Time spent auto-exploring this place.
 F = Levels seen in this place.
 G = Mean time per level.
                   A        B        C        D        E       F      G
               +--------+--------+--------+--------+--------+-----+--------+
         Total |   2151 |   2086 |     65 |    238 |   1510 |   3 |  717.0 |
       Dungeon |   2151 |   2086 |     65 |    238 |   1510 |   3 |  717.0 |
               +--------+--------+--------+--------+--------+-----+--------+

Top non-repeatable levels by time:
     D:1: 1096 daAuts
     D:2: 853 daAuts
     D:3: 201 daAuts

Table legend:
 A = Kills in this place as a percentage of kills in entire the game.
 B = Kills by you in this place as a percentage of kills by you in the entire game.
 C = Kills by friends in this place as a percentage of kills by friends in the entire game.
 D = Other kills in this place as a percentage of other kills in the entire game.
 E = Experience gained in this place as a percentage of experience gained in the entire game.
 F = Experience gained in this place divided by the number of levels of this place that you have seen.
                   A       B       C       D       E      F
               +-------+-------+-------+-------+-------+----------------------
         Total | 100.0 | 100.0 |   N/A |   N/A | 100.0 |  41.7
       Dungeon | 100.0 | 100.0 |   N/A |   N/A | 100.0 |  41.7
               +-------+-------+-------+-------+-------+----------------------
